[Event "Titled Tuesday Blitz May 16 Early 2023"]
[White "Grischuk, Alexander"]
[Black "Steinberg, Nitzan"]
[WhiteFideId "4126025"]
[BlackFideId "2801795"]
[WhiteElo "2721"]
[BlackElo "2486"]
[Result "0-1"]
[Round "09"]
[TimeControl "180+2"]
[Date "2023.05.16"]
[WhiteClock "0:00:00"]
[BlackClock "0:00:05"]

1. Nf3 Nf6 2. g3 g6 3. c4 Bg7 4. Nc3 O-O 5. Bg2 d6 6. d4 Nbd7 7. O-O e5 8. e4 c6 9. Be3 Re8 10. h3 a5 11. Re1 b6 12. Qc2 Qc7 13. Rac1 exd4 14. Nxd4 Bb7 15. b3 Nc5 16. f4 Re7 17. Bf2 Rae8 18. a3 Nh5 19. Nde2 Bc8 20. b4 axb4 21. axb4 Na6 22. b5 Nb4 23. Qd2 c5 24. Red1 Be6 25. Na2 Nxa2 26. Qxa2 Nf6 27. Nc3 Qc8 28. Kh2 h5 29. Rxd6 h4 30. g4 Bxg4 31. Bxh4 Be6 32. Nd5 Bxd5 33. cxd5 Nxe4 34. Bxe7 Rxe7 35. Rc6 Qf5 36. Rf1 Nc3 37. Qc4 Re2 38. d6 Qc2 39. Rg1 Bd4 40. d7 Bxg1+ 41. Kh1 Qd1 42. Rxg6+ Kf8 43. d8=Q+ Qxd8 44. Qxc3 Bd4 45. Qg3 fxg6 46. Qxg6 Re1+ 47. Kh2 Bg1+ 48. Kg3 Qe7 49. Qxb6 Qg7+ 50. Kh4 Re7 51. Qd8+ Re8 0-1


[Site "https://www.chess.com"]

[Event "Titled Tuesday Blitz May 16 Early 2023"]
[White "Martinez Alcantara, Jose Eduardo"]
[Black "JeRoma71"]
[WhiteFideId "3805662"]
[WhiteElo "2711"]
[BlackElo "2859"]
[Result "1/2-1/2"]
[Round "09"]
[TimeControl "180+2"]
[Date "2023.05.16"]
[WhiteClock "0:00:30"]
[BlackClock "0:00:28"]

1. e4 e6 2. d4 d5 3. Nd2 c5 4. Ngf3 Nc6 5. c3 cxd4 6. cxd4 dxe4 7. Nxe4 Bb4+ 8. Nc3 Nf6 9. Bd3 O-O 10. O-O b6 11. Bg5 Be7 12. a3 Bb7 13. Re1 Rc8 14. Rc1 h6 15. Be3 Nd5 16. Bb1 Nxe3 17. fxe3 g6 18. Qe2 Bf6 19. Rcd1 Bg7 20. Qf2 Na5 21. h4 Bxf3 22. gxf3 h5 23. Kh1 Nc4 24. Ne4 Nd6 25. Ng5 Qe7 26. e4 e5 27. dxe5 Qxe5 28. f4 Qe7 29. e5 Nc4 30. Be4 Qc5 31. Qxc5 Rxc5 32. Rd7 Bh6 33. b4 Rcc8 34. Bd5 Bxg5 35. fxg5 b5 36. e6 Nb6 37. Rd6 Nxd5 38. Rxd5 fxe6 39. Rxe6 Rc1+ 40. Kg2 Rc2+ 41. Kg3 Rc3+ 42. Kg2 Rc2+ 43. Kg3 Rc3+ 44. Kg2 Rc2+ 1/2-1/2


[Site "https://www.chess.com"]

[Event "Titled Tuesday Blitz May 16 Early 2023"]
[White "Sychev, Klementy"]
[Black "Hakobyan, Aram"]
[WhiteFideId "4114060"]
[BlackFideId "13306677"]
[WhiteElo "2583"]
[BlackElo "2584"]
[Result "0-1"]
[Round "09"]
[TimeControl "180+2"]
[Date "2023.05.16"]
[WhiteClock "0:00:00"]
[BlackClock "0:00:18"]

1. e4 g6 2. d4 Bg7 3. Nc3 c5 4. d5 d6 5. Nf3 Nf6 6. Bb5+ Nbd7 7. a4 O-O 8. O-O a6 9. Be2 b6 10. h3 Rb8 11. Bf4 Ne8 12. Re1 Nc7 13. Bf1 b5 14. axb5 axb5 15. Qc1 b4 16. Nd1 Re8 17. Ne3 Nb6 18. Rd1 Ra8 19. Rxa8 Ncxa8 20. Nc4 Nxc4 21. Bxc4 Nb6 22. Bf1 Qd7 23. e5 Bb7 24. e6 fxe6 25. dxe6 Qxe6 26. Ng5 Qf6 27. Re1 Qxb2 28. Qe3 Qf6 29. Ne6 Nd5 30. Qb3 Nxf4 31. Nxf4+ Kh8 32. Ne6 Qc3 33. Qb1 Ra8 34. Qd1 Ra1 35. Qxa1 Qxa1 36. Rxa1 Bxa1 37. Nf4 e5 38. Nd3 Bc3 39. Nc1 Bd5 40. Nb3 c4 41. Nc1 b3 42. cxb3 cxb3 43. Bd3 b2 44. Ne2 Bd2 45. Bb1 Bc4 46. Ng3 d5 47. f3 Be3+ 48. Kh1 Bf4 0-1


[Site "https://www.chess.com"]

[Event "Titled Tuesday Blitz May 16 Early 2023"]
[White "Wagner, Dennis"]
[Black "Tabatabaei, M. Amin"]
[WhiteFideId "24650684"]
[BlackFideId "12521213"]
[WhiteElo "2478"]
[BlackElo "2575"]
[Result "0-1"]
[Round "09"]
[TimeControl "180+2"]
[Date "2023.05.16"]
[WhiteClock "0:00:00"]
[BlackClock "0:00:14"]

1. e4 c5 2. Nf3 e6 3. d4 cxd4 4. Nxd4 Nc6 5. Nc3 a6 6. Nxc6 bxc6 7. Bd3 d5 8. O-O Nf6 9. Qf3 Be7 10. Qg3 O-O 11. Bh6 Ne8 12. Rad1 Kh8 13. Bf4 a5 14. Na4 Ba6 15. Bxa6 Rxa6 16. c4 Nf6 17. Nc3 Nh5 18. Qf3 Nxf4 19. Qxf4 Qb8 20. Qxb8 Rxb8 21. cxd5 cxd5 22. exd5 Rxb2 23. Rb1 Rxb1 24. Rxb1 g6 25. g3 Kg7 26. dxe6 Rxe6 27. Rb5 Bb4 28. Nd5 Bd2 29. Kg2 h5 30. h4 Re5 31. Kf3 Be1 32. Nc7 Re7 33. Nd5 Re6 34. a4 Rc6 35. Ne3 Rf6+ 36. Ke2 Bxf2 37. Nd5 Rf5 38. Ne7 Rxb5 39. axb5 Bxg3 40. b6 a4 41. b7 a3 0-1


[Site "https://www.chess.com"]

[Event "Titled Tuesday Blitz May 16 Early 2023"]
[White "Nihal Sarin"]
[Black "Suyarov, Mukhammadzokhid"]
[WhiteFideId "25092340"]
[BlackFideId "14210495"]
[WhiteElo "2689"]
[BlackElo "2361"]
[Result "1-0"]
[Round "09"]
[TimeControl "180+2"]
[Date "2023.05.16"]
[WhiteClock "0:00:34"]
[BlackClock "0:00:01"]

1. e4 e6 2. d4 d5 3. Nd2 h6 4. Ngf3 Nf6 5. Bd3 c5 6. dxc5 dxe4 7. Nxe4 Nxe4 8. Bxe4 Qxd1+ 9. Kxd1 Bxc5 10. Ke2 Nd7 11. Rd1 Nf6 12. Bd3 Bd7 13. Ne5 Bc6 14. Nxc6 bxc6 15. h3 Ke7 16. c3 a5 17. a4 Rab8 18. Bc2 Nd5 19. Rb1 Rb7 20. Bd2 Rd8 21. g3 h5 22. h4 Rdb8 23. b3 g6 24. Be1 Bd6 25. Rdc1 Ba3 26. Rd1 Bd6 27. f4 Ke8 28. c4 Nb4 29. Bxg6 Bxf4 30. Bxh5 Be5 31. Bf3 Ke7 32. g4 Na2 33. Bxc6 Rxb3 34. Rxb3 Rxb3 35. Rd7+ Kf8 36. Bxa5 Rb2+ 37. Rd2 Nc1+ 38. Kd1 Rb1 39. Kc2 Ra1 40. Rd1 Bf4 41. Bb4+ Kg8 42. Rd8+ Kh7 43. Rh8+ Kg6 44. Rg8+ Kh7 45. Rg7+ Kh6 46. Rxf7 Ne2 47. Be4 Nd4+ 48. Kb2 Bc1+ 49. Kxa1 1-0


[Site "https://www.chess.com"]

[Event "Titled Tuesday Blitz May 16 Early 2023"]
[White "Demchenko, Anton"]
[Black "Sokolovsky, Yahli"]
[WhiteFideId "4160258"]
[BlackFideId "2820242"]
[WhiteElo "2545"]
[BlackElo "2389"]
[Result "1-0"]
[Round "09"]
[TimeControl "180+2"]
[Date "2023.05.16"]
[WhiteClock "0:00:10"]
[BlackClock "0:00:00"]

1. e4 d6 2. d4 Nf6 3. Nc3 g6 4. Nf3 Bg7 5. Be2 O-O 6. O-O a6 7. a4 Nc6 8. h3 e5 9. dxe5 dxe5 10. Be3 h6 11. Bc4 Qe7 12. Re1 Be6 13. Bxe6 Qxe6 14. Nd5 Rad8 15. c4 Nxe4 16. Qc2 Nd6 17. Rad1 Rd7 18. b4 Rfd8 19. b5 axb5 20. axb5 Ne7 21. Bxh6 Nxd5 22. Bxg7 Nb4 23. Qc3 Kxg7 24. Nxe5 Ne4 25. Rxe4 Rxd1+ 26. Kh2 Na2 27. Qe3 R1d3 28. Nxd3 Qd6+ 29. Ne5 f5 30. Rh4 Kf6 31. f4 Qe7 32. Rh6 Rg8 33. Qg3 Qe8 34. Qg5+ Ke6 35. Nxg6 Nc3 36. Ne5+ 1-0


[Site "https://www.chess.com"]

[Event "Titled Tuesday Blitz May 16 Early 2023"]
[White "Kravtsiv, Martyn"]
[Black "Makarian, Rudik"]
[WhiteFideId "14113147"]
[BlackFideId "44105681"]
[WhiteElo "2695"]
[BlackElo "2461"]
[Result "0-1"]
[Round "09"]
[TimeControl "180+2"]
[Date "2023.05.16"]
[WhiteClock "0:00:00"]
[BlackClock "0:00:04"]

1. e4 c5 2. Nf3 Nc6 3. d4 cxd4 4. Nxd4 e6 5. Nc3 a6 6. Be2 Qc7 7. O-O Nf6 8. Be3 Be7 9. f4 d6 10. Qe1 O-O 11. Qg3 Nxd4 12. Bxd4 b5 13. Kh1 Bb7 14. a3 Rac8 15. Rae1 Bc6 16. Bd3 e5 17. fxe5 Nh5 18. Qg4 dxe5 19. Qxh5 exd4 20. Nd5 Bxd5 21. exd5 g6 22. Qf3 Bd6 23. g3 Rce8 24. Kg2 Be5 25. Re2 Re7 26. a4 bxa4 27. Bxa6 d3 28. cxd3 Rb8 29. Rff2 Bd4 30. Rxe7 Qxe7 31. Re2 Qxe2+ 32. Qxe2 Rxb2 33. Qxb2 Bxb2 34. d6 Kf8 35. Bc4 f6 36. Kf3 Be5 37. d7 Ke7 38. h4 a3 39. g4 Kxd7 40. h5 Kd6 41. hxg6 hxg6 42. Bf7 Ke7 43. Ba2 Kd6 44. Ke4 Ke7 45. g5 Bd6 46. gxf6+ Kxf6 47. d4 g5 48. Kf3 Kf5 49. Bb1+ Ke6 50. Ba2+ Kf6 51. Kg4 Be7 52. d5 Ke5 53. Bb3 Kd6 54. Ba2 Bd8 55. Kf5 Kc5 56. Kg4 Kd4 57. Kf5 Kc3 58. d6 Kb2 59. Bd5 a2 60. Bxa2 Kxa2 61. Ke4 Kb3 0-1


[Site "https://www.chess.com"]

[Event "Titled Tuesday Blitz May 16 Early 2023"]
[White "Ibarra Jerez, Jose Carlos"]
[Black "Gunina, Valentina"]
[WhiteFideId "2226332"]
[BlackFideId "4167570"]
[WhiteElo "2638"]
[BlackElo "2352"]
[Result "0-1"]
[Round "09"]
[TimeControl "180+2"]
[Date "2023.05.16"]
[WhiteClock "0:00:02"]
[BlackClock "0:00:23"]

1. e4 c6 2. Nf3 d5 3. d3 g6 4. Qe2 Bg7 5. g3 e5 6. exd5 Ne7 7. dxc6 Nbxc6 8. Nbd2 O-O 9. Bg2 Bg4 10. O-O Nd4 11. Qd1 Qd7 12. c3 Nxf3+ 13. Nxf3 Rad8 14. Re1 Nc6 15. Bg5 f6 16. Be3 Qxd3 17. Qb3+ Kh8 18. Qxb7 Na5 19. Qxa7 Nc4 20. h3 Be6 21. b3 Nxe3 22. Qxe3 Qxe3 23. Rxe3 Bh6 24. Re2 Rd3 25. c4 Rc8 26. Ne1 Rd6 27. Nc2 f5 28. Rxe5 Bg7 29. Rae1 Bxe5 30. Rxe5 Kg7 31. Ne3 Kf6 32. Ra5 Rd2 33. Bd5 Bxd5 34. Nxd5+ Kg5 35. Kg2 Re8 36. h4+ Kh6 37. Nf4 Rc2 38. Ra7 Re1 39. a4 Rb1 40. Rb7 Rxc4 41. Ne6 Rc2 42. Ng5 Kh5 43. Rxh7+ Kg4 44. Nh3 Rxb3 45. Rg7 Rxg3+ 46. Kf1 Rxh3 47. Rxg6+ Kf4 48. Kg2 Rxh4 49. Rc6 Rg4+ 50. Kh2 Rxc6 51. Kh3 Rh6# 0-1


[Site "https://www.chess.com"]

[Event "Titled Tuesday Blitz May 16 Early 2023"]
[White "Hayrapetyan, Hovik"]
[Black "Zhigalko, Sergei"]
[WhiteFideId "13302639"]
[BlackFideId "13502956"]
[WhiteElo "2348"]
[BlackElo "2626"]
[Result "0-1"]
[Round "09"]
[TimeControl "180+2"]
[Date "2023.05.16"]
[WhiteClock "0:00:00"]
[BlackClock "0:00:04"]

1. d4 Nf6 2. c4 e6 3. Nc3 Bb4 4. Nf3 b6 5. Bd2 Bb7 6. g3 O-O 7. Bg2 d6 8. O-O Nbd7 9. Re1 Re8 10. b3 h6 11. a3 Bxc3 12. Bxc3 a6 13. Qc2 Be4 14. Qb2 b5 15. cxb5 axb5 16. a4 Qb8 17. a5 b4 18. Bd2 Qb5 19. Ra4 c5 20. Bf1 Rxa5 21. Rxa5 Qxa5 22. dxc5 dxc5 23. Ne5 Ra8 24. f3 Bd5 25. e4 Nxe5 26. Qxe5 Bxb3 27. Rc1 Nd7 28. Qd6 Rd8 29. Be3 c4 30. f4 Nf6 31. Qc5 Qxc5 32. Bxc5 Nxe4 33. Bxb4 Rc8 34. Bg2 Nf6 35. Bc3 Nd5 36. Bxd5 exd5 37. Kf2 Re8 38. Re1 Ra8 39. Ke3 Bc2 40. Re2 Be4 41. Rb2 f6 42. g4 Ra3 43. Kd4 Kf7 44. f5 Ra7 45. Rb6 Rd7 46. Ke3 Rc7 47. Rb5 Re7 48. Kd4 Bf3 49. h3 Re4+ 50. Kc5 Re7 51. Kd4 Bg2 52. h4 Re4+ 53. Kc5 Rxg4 54. Rb7+ Kg8 55. Kd6 d4 56. Bb4 Bxb7 0-1


[Site "https://www.chess.com"]

[Event "Titled Tuesday Blitz May 16 Early 2023"]
[White "Ilamparthi A R"]
[Black "Tang, Andrew"]
[WhiteFideId "45015775"]
[BlackFideId "2059630"]
[WhiteElo "2348"]
[BlackElo "2596"]
[Result "1-0"]
[Round "09"]
[TimeControl "180+2"]
[Date "2023.05.16"]
[WhiteClock "0:00:08"]
[BlackClock "0:00:00"]

1. e4 e5 2. Nf3 Nc6 3. d3 g6 4. g3 Bg7 5. Bg2 Nf6 6. O-O O-O 7. Re1 d5 8. exd5 Nxd5 9. Nc3 Nxc3 10. bxc3 Re8 11. Nd2 Be6 12. Rb1 Rb8 13. Nb3 Qd6 14. Be3 b6 15. c4 Ne7 16. c5 Qd7 17. d4 Bxb3 18. Rxb3 exd4 19. Bg5 Nd5 20. Rxe8+ Rxe8 21. cxb6 axb6 22. c3 c5 23. c4 Nb4 24. a3 Qf5 25. h4 Nc2 26. Rxb6 d3 27. Bc6 Qe6 28. Bxe8 Qxb6 29. Qxd3 Nd4 30. Qe4 h6 31. Be3 Ne6 32. Bb5 Qd6 33. a4 Bc3 34. Qd5 Qe7 35. Bxh6 Qf6 36. Be3 Bb4 37. Bd7 Nd4 38. a5 Bxa5 39. Qxc5 Nf3+ 40. Kg2 Ne1+ 41. Kf1 Bc3 42. Qc8+ Kh7 43. Qc6 Qe5 44. Qd5 Qf6 45. Be8 Kg7 46. c5 Nc2 47. Bf4 Bd4 48. c6 Qe7 49. Qxf7+ Qxf7 50. Bxf7 Bb6 51. Bd5 Nb4 52. Be4 Na6 53. Kg2 Nc7 54. Kf3 Ne6 55. Be5+ Kh6 56. Kg4 Nd8 57. c7 Nf7 58. c8=Q Nxe5+ 59. Kh3 1-0


[Site "https://www.chess.com"]

[Event "Titled Tuesday Blitz May 16 Early 2023"]
[White "Yeletsky, Ivan"]
[Black "Bocharov, Dmitry"]
[WhiteFideId "24180327"]
[BlackFideId "4138716"]
[WhiteElo "2380"]
[BlackElo "2469"]
[Result "1-0"]
[Round "09"]
[TimeControl "180+2"]
[Date "2023.05.16"]
[WhiteClock "0:00:25"]
[BlackClock "0:00:02"]

1. e4 c5 2. Nf3 d6 3. d4 cxd4 4. Nxd4 Nf6 5. Nc3 a6 6. Rg1 h5 7. h3 e5 8. Nb3 h4 9. Be3 Be6 10. Qf3 Nbd7 11. O-O-O Rc8 12. Nd5 Be7 13. g4 hxg3 14. Rxg3 Bxd5 15. exd5 g6 16. Kb1 Qc7 17. c3 b5 18. Bd3 Rh4 19. Bc2 b4 20. Bg5 Rc4 21. Nd2 bxc3 22. Nxc4 Qxc4 23. Qxc3 Qxc3 24. Rxc3 Rxc3 25. bxc3 Ne4 26. Bxe4 Bxg5 27. Kc2 Nc5 28. Bd3 Kd8 29. f3 Bh4 30. Bc4 Kc7 31. Kd2 Bg5+ 32. Kc2 Bf4 33. h4 Kd7 34. Rh1 Ke8 35. h5 gxh5 36. Rxh5 Ke7 37. Rh8 f5 38. Ra8 e4 39. fxe4 fxe4 40. Bxa6 e3 41. Be2 Ne4 42. Ra4 1-0


[Site "https://www.chess.com"]

[Event "Titled Tuesday Blitz May 16 Early 2023"]
[White "Keymer, Vincent"]
[Black "Santos Ruiz, Miguel"]
[WhiteFideId "12940690"]
[BlackFideId "22291482"]
[WhiteElo "2669"]
[BlackElo "2499"]
[Result "1-0"]
[Round "09"]
[TimeControl "180+2"]
[Date "2023.05.16"]
[WhiteClock "0:00:05"]
[BlackClock "0:00:00"]

1. a3 g6 2. Nf3 Bg7 3. c4 c5 4. Nc3 Nc6 5. Rb1 d6 6. d3 e6 7. Bd2 Nge7 8. b4 b6 9. b5 Ne5 10. Nxe5 Bxe5 11. e4 d5 12. Be2 dxc4 13. dxc4 Bb7 14. Qc2 Qc7 15. h3 g5 16. a4 O-O-O 17. a5 Bf4 18. Rd1 Qe5 19. O-O Ng6 20. axb6 axb6 21. Na4 Bxd2 22. Rxd2 Rxd2 23. Qxd2 Kc7 24. Rd1 Qd4 25. Qxg5 Qxe4 26. Bf3 Qc2 27. Qg3+ e5 28. Qg4 Rd8 29. Rxd8 Kxd8 30. Bxb7 Qxa4 31. Qc8+ Ke7 32. Qc7+ Kf8 33. Qxb6 Qxc4 34. Qd8+ Kg7 35. b6 Qc1+ 36. Kh2 Qf4+ 37. g3 Qxf2+ 38. Bg2 Nf4 39. Qg5+ Kf8 40. gxf4 exf4 41. b7 1-0


[Site "https://www.chess.com"]

[Event "Titled Tuesday Blitz May 16 Early 2023"]
[White "Drygalov, Sergey"]
[Black "Priasmoro, Novendra"]
[WhiteFideId "24171743"]
[BlackFideId "7105029"]
[WhiteElo "2533"]
[BlackElo "2412"]
[Result "1-0"]
[Round "09"]
[TimeControl "180+2"]
[Date "2023.05.16"]
[WhiteClock "0:01:33"]
[BlackClock "0:00:04"]

1. d4 Nf6 2. c4 g6 3. Nc3 Bg7 4. e4 d6 5. Nf3 O-O 6. Be2 e5 7. O-O Nbd7 8. Be3 Ng4 9. Bg5 f6 10. Bd2 Nh6 11. b4 c6 12. Rb1 f5 13. dxe5 Nxe5 14. Nxe5 dxe5 15. exf5 gxf5 16. b5 Be6 17. Na4 Qh4 18. Nc5 Bxc4 19. bxc6 Bxe2 20. Qxe2 bxc6 21. Rb7 Rf7 22. Bxh6 Rxb7 23. Nxb7 Qxh6 24. Rd1 e4 25. Qc4+ Kh8 26. Nd6 Rf8 27. Nf7+ 1-0


[Site "https://www.chess.com"]

[Event "Titled Tuesday Blitz May 16 Early 2023"]
[White "Kamsky, Gata"]
[Black "Simonian, Hrair"]
[WhiteFideId "2000024"]
[BlackFideId "13302337"]
[WhiteElo "2660"]
[BlackElo "2447"]
[Result "1-0"]
[Round "09"]
[TimeControl "180+2"]
[Date "2023.05.16"]
[WhiteClock "0:00:58"]
[BlackClock "0:00:04"]

1. e4 c5 2. Nf3 d6 3. d4 cxd4 4. Nxd4 Nf6 5. Nc3 a6 6. a4 e5 7. Nf3 Be6 8. Ng5 Nc6 9. Nxe6 fxe6 10. g3 d5 11. exd5 exd5 12. Bg2 Bb4 13. O-O Bxc3 14. bxc3 O-O 15. Bg5 e4 16. Rb1 b6 17. c4 dxc4 18. Qxd8 Raxd8 19. Rxb6 Nd4 20. Bxf6 Rxf6 21. Rxf6 gxf6 22. Bxe4 f5 23. Bb7 Rd6 24. a5 Nxc2 25. Rc1 Na3 26. Rc3 Rd1+ 27. Kg2 Ra1 28. Bxa6 Kg7 29. Bc8 Kf6 30. a6 h6 31. Bd7 Nb1 32. Rc1 c3 33. Bb5 c2 34. Rxc2 Na3 35. Rc6+ Ke5 36. Bd3 1-0


[Site "https://www.chess.com"]

[Event "Titled Tuesday Blitz May 16 Early 2023"]
[White "Pacan-Milej, Kosma"]
[Black "Pichot, Alan"]
[WhiteFideId "21800537"]
[BlackFideId "110973"]
[WhiteElo "2302"]
[BlackElo "2573"]
[Result "0-1"]
[Round "09"]
[TimeControl "180+2"]
[Date "2023.05.16"]
[WhiteClock "0:00:05"]
[BlackClock "0:00:11"]

1. d4 Nf6 2. c4 e6 3. Nc3 Bb4 4. e3 O-O 5. Bd3 d5 6. a3 Bxc3+ 7. bxc3 c6 8. cxd5 cxd5 9. Ne2 b6 10. O-O Ba6 11. f3 Qc8 12. e4 Bxd3 13. Qxd3 Qa6 14. Qe3 Nc6 15. e5 Nd7 16. Ng3 Rac8 17. Nh5 Ne7 18. Bd2 Qa4 19. f4 Qc2 20. g4 Qg6 21. Qg3 b5 22. Rf2 a6 23. Rg2 f5 24. exf6 Nxf6 25. f5 Nxh5 26. fxg6 Nxg3 27. gxh7+ Kxh7 28. Rxg3 Nc6 29. Re1 Rce8 30. Rge3 Rf6 31. g5 Rg6 32. h4 e5 33. dxe5 Rge6 34. Kg2 Nxe5 35. R3e2 Kg6 36. Bf4 Kf5 37. Rxe5+ Rxe5 38. Bxe5 Rxe5 39. Rxe5+ Kxe5 40. Kf3 Kf5 41. Ke3 Kg4 42. Kd4 Kxh4 43. g6 Kg5 44. Kxd5 Kxg6 45. c4 bxc4 46. Kxc4 Kf6 47. a4 g5 48. Kc5 g4 49. Kb6 g3 50. Kxa6 g2 51. a5 g1=Q 52. Kb7 Qg2+ 0-1


[Site "https://www.chess.com"]

[Event "Titled Tuesday Blitz May 16 Early 2023"]
[White "Orlov, Georgi"]
[Black "Bortnyk, Olexandr"]
[WhiteFideId "2011271"]
[BlackFideId "14120828"]
[WhiteElo "2647"]
[BlackElo "2734"]
[Result "0-1"]
[Round "09"]
[TimeControl "180+2"]
[Date "2023.05.16"]
[WhiteClock "0:00:56"]
[BlackClock "0:00:41"]

1. d4 d6 2. e4 Nf6 3. Nc3 Nbd7 4. Bc4 c6 5. Qe2 e5 6. Nf3 Be7 7. a4 O-O 8. O-O a5 9. h3 exd4 10. Nxd4 Nc5 11. Rd1 Qb6 12. b3 Be6 13. Bg5 Rae8 14. Nxe6 fxe6 15. e5 Nd5 16. Nxd5 exd5 17. Bxe7 Rxe7 18. Bd3 Rxe5 19. Qf1 Ne6 20. Re1 Nf4 21. h4 Qd4 22. g3 Nh3+ 23. Qxh3 Qxf2+ 24. Kh1 Rxe1+ 0-1


[Site "https://www.chess.com"]

[Event "Titled Tuesday Blitz May 16 Early 2023"]
[White "Harsh Suresh"]
[Black "Sarana, Alexey"]
[WhiteFideId "45018464"]
[BlackFideId "24133795"]
[WhiteElo "2209"]
[BlackElo "2714"]
[Result "0-1"]
[Round "09"]
[TimeControl "180+2"]
[Date "2023.05.16"]
[WhiteClock "0:00:09"]
[BlackClock "0:00:26"]

1. b3 e5 2. Bb2 Nc6 3. e3 Nf6 4. Nf3 Bd6 5. Na3 e4 6. Ng1 Be5 7. Bxe5 Nxe5 8. Nc4 Qe7 9. d4 exd3 10. Bxd3 Nxc4 11. Bxc4 O-O 12. Nf3 d5 13. Bd3 Bg4 14. h3 Bh5 15. O-O Ne4 16. g4 Bg6 17. Nd4 Qh4 18. Kg2 Rae8 19. Nf3 Qf6 20. c4 dxc4 21. bxc4 Rd8 22. Qc2 Ng5 23. Bf5 Qc6 24. e4 Nxf3 25. Kxf3 Rd4 26. Rac1 Re8 27. Rfd1 Rdxe4 28. Rd5 Bxf5 29. gxf5 Qh6 30. Qxe4 Qxh3+ 31. Ke2 Rxe4+ 32. Kd2 h6 0-1


[Site "https://www.chess.com"]

[Event "Titled Tuesday Blitz May 16 Early 2023"]
[White "Manukyan, Sargis V."]
[Black "Shimanov, Aleksandr"]
[WhiteFideId "13303465"]
[BlackFideId "4198603"]
[WhiteElo "2236"]
[BlackElo "2631"]
[Result "0-1"]
[Round "09"]
[TimeControl "180+2"]
[Date "2023.05.16"]
[WhiteClock "0:00:03"]
[BlackClock "0:00:03"]

1. d4 Nf6 2. c4 g6 3. Nc3 Bg7 4. e4 d6 5. Be2 O-O 6. Nf3 Na6 7. O-O e5 8. Be3 c6 9. h3 Qe7 10. Qc2 exd4 11. Nxd4 Nc5 12. Bf3 Re8 13. Rfe1 a5 14. Rad1 h6 15. Bf4 Nfd7 16. Qc1 Kh7 17. Nf5 gxf5 18. Bxd6 Qf6 19. Qf4 fxe4 20. Nxe4 Qxf4 21. Bxf4 Nxe4 22. Bxe4+ Kh8 23. Bf5 Rxe1+ 24. Rxe1 Nf6 25. Bxc8 Rxc8 26. Re7 b5 27. Rxf7 Kg8 28. Ra7 bxc4 29. Be5 a4 30. Rxa4 Re8 31. f4 Nd5 32. Bxg7 Kxg7 33. Rxc4 Re2 34. Rxc6 Nxf4 35. Rb6 Rxg2+ 36. Kf1 Rc2 37. h4 Nd5 38. Rb7+ Kg6 39. a4 Ne3+ 40. Ke1 Kf5 41. a5 Ke4 42. a6 Rc6 43. a7 Ra6 44. Kd2 Nc4+ 45. Kc3 Ne5 46. Re7 Kd5 47. Rh7 Nc6 48. Rxh6 Rxa7 49. b4 Ra3+ 50. Kb2 Rg3 51. Rh5+ Kd6 52. b5 Nd4 53. b6 Rb3+ 54. Ka2 Rxb6 55. Rh6+ Ne6 56. h5 Ke5 57. Rg6 Rb8 58. h6 Rh8 59. Rg1 Rxh6 60. Re1+ Kd5 61. Kb3 Nd4+ 62. Kc3 Rh3+ 63. Kb2 Kc4 64. Rc1+ Kb4 65. Rg1 Rh2+ 66. Kb1 Nb5 67. Rg4+ Kb3 68. Rg1 Nc3+ 69. Kc1 Rc2# 0-1


[Site "https://www.chess.com"]

[Event "Titled Tuesday Blitz May 16 Early 2023"]
[White "Lazavik, Denis"]
[Black "Sieciechowicz, Marcin"]
[WhiteFideId "13515110"]
[BlackFideId "1130170"]
[WhiteElo "2560"]
[BlackElo "2302"]
[Result "1-0"]
[Round "09"]
[TimeControl "180+2"]
[Date "2023.05.16"]
[WhiteClock "0:02:22"]
[BlackClock "0:00:55"]

1. d4 d5 2. c4 c6 3. Nf3 Nf6 4. Nc3 e6 5. g3 Nbd7 6. Bg2 dxc4 7. O-O b5 8. e4 Bb7 9. e5 Nd5 10. Ng5 Be7 11. Qh5 g6 12. Qh6 Bf8 13. Qh3 Be7 14. Nce4 h6 15. Re1 Qb6 16. Nd6+ Bxd6 17. exd6 Qxd4 18. Nxf7 Nc5 19. Nxh8 Qxh8 20. Rxe6+ 1-0


[Site "https://www.chess.com"]

[Event "Titled Tuesday Blitz May 16 Early 2023"]
[White "Nguyen, Ngoc Truong Son"]
[Black "Karthik Rajaa"]
[WhiteFideId "12401110"]
[BlackFideId "25035215"]
[WhiteElo "2556"]
[BlackElo "2215"]
[Result "1-0"]
[Round "09"]
[TimeControl "180+2"]
[Date "2023.05.16"]
[WhiteClock "0:00:07"]
[BlackClock "0:00:05"]

1. d4 Nf6 2. Nf3 g6 3. Nc3 d5 4. Bf4 Bg7 5. Nb5 Na6 6. e3 c6 7. Na3 O-O 8. c3 Nh5 9. Bg3 Nc7 10. Be2 Nxg3 11. hxg3 f6 12. Nc2 e5 13. dxe5 fxe5 14. e4 Be6 15. Qd2 h6 16. Bd3 Qf6 17. O-O-O Rad8 18. Qe3 dxe4 19. Bxe4 Nd5 20. Qxa7 Bf5 21. Rde1 Ra8 22. Qc5 Bxe4 23. Rxe4 Qf5 24. Rhe1 Rxa2 25. Nxe5 Qxf2 26. Qxf2 Rxf2 27. R4e2 Rxe2 28. Rxe2 g5 29. Nc4 Ra8 30. Nd6 b5 31. Nf5 Bf8 32. g4 Nf4 33. Rd2 Re8 34. g3 Ng6 35. Ncd4 Ne5 36. Re2 Nd3+ 37. Kc2 Rxe2+ 38. Nxe2 Ne5 39. Ned4 Kf7 40. Ne3 Kf6 41. b4 Bd6 42. Kd2 Be7 43. Ke2 Bd8 44. Nf3 Bb6 45. Nxe5 Kxe5 46. Nf5 Bc7 47. Nxh6 Ke4 48. Nf7 Bxg3 49. Nxg5+ Kd5 50. Kd3 Be5 51. Ne4 Bg7 52. g5 Ke5 53. Nc5 Kd5 54. g6 Bf6 55. Nd7 Bg7 56. Nc5 Bf6 57. Ne4 Bg7 58. Ng3 Ke5 59. Nh5 Bh8 60. g7 Bxg7 61. Nxg7 Kd5 62. Nf5 c5 63. Ne3+ Kd6 64. Ke4 Kc6 65. Ke5 cxb4 66. cxb4 1-0


[Site "https://www.chess.com"]

[Event "Titled Tuesday Blitz May 16 Early 2023"]
[White "Cherniaiev, Tykhon"]
[Black "Quesada Perez, Yuniesky"]
[WhiteFideId "14182360"]
[BlackFideId "3504409"]
[WhiteElo "2450"]
[BlackElo "2585"]
[Result "0-1"]
[Round "09"]
[TimeControl "180+2"]
[Date "2023.05.16"]
[WhiteClock "0:00:00"]
[BlackClock "0:01:06"]

1. Nf3 d5 2. d4 Nf6 3. c4 c6 4. e3 Bf5 5. Bd3 Bg6 6. O-O e6 7. Nc3 Nbd7 8. Re1 Ne4 9. Bxe4 dxe4 10. Nd2 f5 11. f3 exf3 12. Nxf3 Bd6 13. Qb3 Qb6 14. Qc2 Qc7 15. c5 Be7 16. Qb3 Bf7 17. e4 e5 18. Qd1 exd4 19. Nxd4 O-O-O 20. Nxf5 Bxc5+ 21. Be3 g6 22. Ng3 Ne5 23. Bxc5 Rxd1 24. Raxd1 Rd8 25. Rxd8+ Qxd8 26. Rd1 Qg5 27. Bxa7 h5 28. Bb6 Nd7 29. Bf2 h4 30. Nge2 h3 31. g3 Qg4 32. Nd4 Ne5 33. Rd2 Bc4 34. Be3 Nf3+ 35. Kf2 Nxh2 0-1


[Site "https://www.chess.com"]

[Event "Titled Tuesday Blitz May 16 Early 2023"]
[White "Kramnik, Vladimir"]
[Black "Postny, Evgeny"]
[WhiteFideId "4101588"]
[BlackFideId "2804344"]
[WhiteElo "2703"]
[BlackElo "2504"]
[Result "0-1"]
[Round "09"]
[TimeControl "180+2"]
[Date "2023.05.16"]
[WhiteClock "0:00:00"]
[BlackClock "0:00:02"]

1. c4 Nf6 2. Nc3 e5 3. Nf3 Nc6 4. g3 g6 5. Bg2 Bg7 6. O-O O-O 7. d3 d6 8. b3 Nd7 9. Bb2 Nc5 10. a3 a5 11. e3 Bf5 12. Ne1 Qc8 13. Nd5 Re8 14. b4 axb4 15. axb4 Rxa1 16. Bxa1 Nd7 17. Nc2 Ne7 18. e4 Be6 19. Qd2 Nf6 20. Nxe7+ Rxe7 21. Bc3 Nh5 22. Ne3 c6 23. Ra1 Re8 24. c5 dxc5 25. bxc5 Bh3 26. Nc4 Bxg2 27. Kxg2 Rd8 28. Bxe5 Bxe5 29. Nxe5 Qe6 30. Nf3 Nf6 31. Qe3 Qb3 32. Qg5 Qb2 33. Rd1 h6 34. Qxh6 Qxf2+ 35. Kxf2 Ng4+ 36. Ke2 Nxh6 37. Rb1 Rd7 38. h3 f5 39. e5 Nf7 40. Ke3 Nd8 41. Ng5 Rd5 42. d4 Rd7 43. g4 Kg7 44. gxf5 gxf5 45. h4 Kg6 46. Rg1 Kh5 47. Kf4 Rxd4+ 48. Kxf5 Rxh4 49. Ne4 Rh2 50. Nf6+ Kh4 51. Rg4+ Kh3 52. Rd4 Rf2+ 53. Kg6 Ne6 54. Rc4 Nf4+ 55. Kf7 Nd5 56. Ke6 Nc7+ 57. Kd7 Nb5 58. Ne4 Re2 59. e6 Re3 60. e7 Rd3+ 61. Nd6 Re3 62. e8=Q Rxe8 63. Kxe8 Nc7+ 0-1


[Site "https://www.chess.com"]